 Dungeon Crawl Stone Soup version 0.18.1-48-g4cf74bf (webtiles) character file.

1373 Khael the Shield-Bearer (level 8, -19/70 HPs)
             Began as a Minotaur Fighter on July 4, 2016.
             Was an Elder of Trog.
             Demolished by an orc warrior
             ... wielding a +0 glaive
              (22 damage)
             ... on level 6 of the Dungeon.
             The game lasted 00:30:34 (4644 turns).

Khael the Shield-Bearer (Minotaur Fighter)          Turns: 4644, Time: 00:30:34

Health: -19/70     AC: 12    Str: 24    XL:     8   Next: 39%
Magic:  7/7        EV:  5    Int:  5    God:    Trog [****..]
Gold:   280        SH: 12    Dex:  9    Spells: 0 memorised, 7 levels left

rFire  . . .     SeeInvis .     x - +2 flail (protect)
rCold  . . .     Gourm    .     b - +0 scale mail
rNeg   . . .     Faith    +     c - +1 shield
rPois  +         Spirit   .     (helmet restricted)
rElec  .         Dismiss  .     (no cloak)
rCorr  .         Reflect  .     (no gloves)
SustAt .         Harm     .     (no boots)
MR     +....                    w - amulet of faith
Stlth  ..........               B - ring of poison resistance
                                u - ring of protection from magic

@: somewhat resistant to hostile enchantments, extremely unstealthy
A: retaliatory headbutt, horns 2
a: Berserk, Trog's Hand, Brothers in Arms, Burn Spellbooks, Renounce Religion


You were on level 6 of the Dungeon.
You worshipped Trog.
Trog was greatly pleased with you.
You were not hungry.

You visited 1 branch of the dungeon, and saw 6 of its levels.
You also visited: Sewer.

You collected 280 gold pieces.

Inventory:

Hand Weapons
 a - a +1 flail
 o - a +1 halberd of chopping
 x - a +2 flail of protection (weapon)
Armour
 b - a +0 scale mail (worn)
 c - a +1 shield (worn)
 j - a +0 pair of gloves
 y - a +2 leather armour of positive energy
Jewellery
 u - a ring of protection from magic (left hand)
 w - an amulet of faith (around neck)
 B - a ring of poison resistance (right hand)
Scrolls
 h - 5 scrolls of teleportation
 i - 5 scrolls of identify
 k - 2 scrolls of fog
 l - a scroll of fear {unknown}
 m - a scroll of immolation
 n - 2 scrolls of blinking
 p - 5 scrolls of remove curse
 q - a scroll of random uselessness {unknown}
 r - 2 scrolls of enchant armour
 z - a scroll of amnesia {unknown}
 A - a scroll of vulnerability {unknown}
Potions
 d - 2 potions of might
 e - 2 potions of agility
 g - 2 potions of curing
 s - 2 potions of flight
 t - 2 potions of ambrosia {unknown}
Comestibles
 f - 2 meat rations


   Skills:
 + Level 5.8 Fighting
 + Level 5.1 Maces & Flails
 + Level 6.7 Armour
 + Level 5.5 Dodging
 + Level 7.2 Shields


You had 7 spell levels left.
You didn't know any spells.

Dungeon Overview and Level Annotations

Branches:
Dungeon (6/15)
 Temple: D:4-7

Altars:
Kikubaaqudgha
Qazlal
Trog

Annotations:
D:4 Duvessa


Innate Abilities, Weirdness & Mutations

You reflexively headbutt those who attack you in melee.
You have a pair of horns on your head.


Message History

You hit the orc.
You kill the orc!
Trog accepts your kill. The orc hits you but does no damage.
You block the orc warrior's attack.
Your shield prevents you from hitting the orc.
You block the orc's attack.
The orc warrior hits you from afar with a glaive!
You sock the orc!
You kill the orc!
Trog accepts your kill. You block the orc warrior's attack.
The orc warrior hits you from afar with a glaive.
You sock the orc warrior!
The orc warrior is heavily wounded.
The orc warrior hits you with a glaive!!
* * * LOW HITPOINT WARNING * * *
You block the orc warrior's attack.
There is a stone staircase leading up here.
The orc warrior hits you from afar with a glaive!!
You die...

##.# #...#.# #.# #########.###.#
#.## #.........# #.#
############..# ###.#########(#
...........##.#######............
...............)>......##########
##########.#..##.#.#...#
######.#...........#
#####......#.#.#@#.....#
#..........#.#.#.#.....#
#..............o.......#
#......###.#.#..#......# #......#
#.#.##.#..#.#.####### ######.#
#.#.##....#.........# #.#
#...#.....###.#.###.# ##
#.#####.#.#.........# #.# .#
#.##...##.##.#.##(#.###.####


You could see an orc warrior.

Vanquished Creatures
  Sigmund (D:4)
  Edmund (D:4)
  An ogre (D:6)
  2 phantoms
  A giant frog (D:6)
  Dowan (D:4)
  5 killer bees (D:6)
  2 howler monkeys (D:5)
  A hound (D:4)
  4 orc wizards
  A worker ant (D:6)
  8 adders
  4 river rats
  2 oozes
  2 adder zombies (D:5)
  4 worms
  A dart slug (D:2)
  2 giant geckos
  18 orcs
  10 bats
  4 giant cockroaches
  7 hobgoblins
  3 quokkas
  7 ball pythons
  4 giant newts
  7 goblins
  22 kobolds
  32 rats
157 creatures vanquished.

Notes
Turn   | Place    | Note
--------------------------------------------------------------
     0 | D:1      | Khael the Minotaur Fighter began the quest for the Orb.
     0 | D:1      | Reached XP level 1. HP: 19/19 MP: 0/0
   257 | D:1      | Reached XP level 2. HP: 25/27 MP: 1/1
   944 | D:2      | Reached XP level 3. HP: 33/33 MP: 2/2
  1039 | D:2      | Found a faded altar to an unknown god.
  1054 | D:2      | Reached skill level 4 in Shields
  1065 | D:2      | Became a worshipper of Trog the Wrathful
  1065 | D:2      | Reached * piety under Trog
  1300 | D:2      | Reached skill level 1 in Dodging
  1476 | D:2      | Reached XP level 4. HP: 41/41 MP: 3/3
  1549 | D:3      | Reached ** piety under Trog
  1553 | D:3      | Found a glowing drain.
  1785 | D:3      | Reached XP level 5. HP: 47/47 MP: 4/4
  2023 | Sewer    | Entered a sewer
  2357 | Sewer    | Reached *** piety under Trog
  2842 | D:4      | Noticed Sigmund
  2889 | D:4      | Reached skill level 5 in Armour
  2889 | D:4      | Reached XP level 6. HP: 47/55 MP: 5/5
  2901 | D:4      | Found an ancient bone altar of Kikubaaqudgha.
  2993 | D:4      | Noticed Dowan
  2994 | D:4      | Noticed Duvessa
  3007 | D:4      | Killed Dowan
  3007 | D:4      | Reached skill level 5 in Shields
  3074 | D:4      | Reached **** piety under Trog
  3214 | D:4      | Found a stormy altar of Qazlal.
  3221 | D:4      | Noticed Edmund
  3245 | D:4      | Killed Edmund
  3245 | D:4      | Reached skill level 5 in Fighting
  3245 | D:4      | Reached XP level 7. HP: 34/61 MP: 6/6
  3250 | D:4      | Gained mutation: You are partially covered in large bone plates (AC +2, SH +2). [potion of mutation]
  3250 | D:4      | Gained mutation: You are dopey. (Int -2) [potion of mutation]
  3250 | D:4      | Gained mutation: Your muscles are strong. (Str +2) [potion of mutation]
  3251 | D:4      | Lost mutation: Your muscles are strong. (Str +2) [potion of cure mutation]
  3251 | D:4      | Lost mutation: You are dopey. (Int -2) [potion of cure mutation]
  3251 | D:4      | Lost mutation: You are partially covered in large bone plates (AC +2, SH +2). [potion of cure mutation]
  3281 | D:4      | Killed Sigmund
  3281 | D:4      | Reached skill level 6 in Shields
  3427 | D:5      | Entered Level 5 of the Dungeon
  4171 | D:6      | Reached XP level 8. HP: 49/69 MP: 7/7
  4206 | D:6      | Reached skill level 5 in Maces & Flails
  4206 | D:6      | Reached skill level 5 in Dodging
  4467 | D:6      | Reached skill level 7 in Shields
  4633 | D:6      | HP: 1/70 [orc warrior/glaive (22)]
  4644 | D:6      | Demolished by an orc warrior

Skill      XL: |  1  2  3  4  5  6  7  8 |
---------------+-------------------------+-----
Fighting       | 4 5 |  5.8
Armour         | 4 5 6 |  6.7
Shields        | 4 5 6 7 |  7.2
Dodging        | 1 2 3 4 5 |  5.5
Maces & Flails | 3 4 5 |  5.1

Action                   |  1- 3 |  4- 6 |  7- 9 || total
-------------------------+-------+-------+-------++-------
Melee: Flail             |   106 |   251 |   144 ||   501
       Headbutt          |    17 |    47 |    15 ||    79
  Use: Scroll            |       |     8 |     3 ||    11
       Potion            |       |     7 |    11 ||    18
  Eat: Bread ration      |       |     1 |     1 ||     2
       Meat ration       |       |     1 |       ||     1
Armor: Scale mail        |    45 |    83 |    55 ||   183
Dodge: Dodged            |    21 |    90 |    66 ||   177
Block: Shield            |    52 |   173 |   106 ||   331
